 Dungeon Crawl Stone Soup version 0.27-a0-931-g5a74e75d8f (webtiles) character file.

Game seed: 11500364944953227406

2 Alarkh the Insei (level 1, 0/16 HPs)
             Began as a Demonspawn Gladiator on Apr 10, 2021.
             Slain by a quokka (3 damage)
             ... on level 1 of the Dungeon.
             The game lasted 00:00:10 (114 turns).

Alarkh the Insei (Demonspawn Gladiator)              Turns: 114, Time: 00:00:11

Health: 0/16       AC:  4    Str: 14    XL:     1   Next: 25%
Magic:  1/1        EV: 12    Int:  9    God:
Gold:   0          SH:  0    Dex: 14    Spells: 0/0 levels left

rFire    . . .     SeeInvis .     - Unarmed
rCold    . . .     Faith    .   (no shield)
rNeg     . . .     Spirit   .   a - +0 leather armour
rPois    .         Reflect  .   b - +0 helmet
rElec    .         Harm     .   (no cloak)
rCorr    .         Rampage  .   (no gloves)
Will     .....                  (no boots)
Stlth    +.........             (no amulet)
HPRegen  0.05/turn              (no ring)
MPRegen  0.07/turn              (no ring)

@: no status effects
A: no striking features
a: no special abilities


You were on level 1 of the Dungeon.
You visited 1 branch of the dungeon, and saw 1 of its levels.

Inventory:

Missiles
 c - 3 throwing nets (quivered)
Armour
 a - a +0 leather armour (worn)
 b - a +0 helmet (worn)


   Skills:
 + Level 2.0 Fighting
 - Level 1.7 Throwing
 - Level 2.6 Dodging
 * Level 2.7 Unarmed Combat


You couldn't memorise any spells.
You didn't know any spells.
Your spell library was empty.

Dungeon Overview and Level Annotations

Branches:
Dungeon (1/15)

Altars:


Message History

You hit the kobold.
The kobold is moderately wounded.
The kobold hits you with a +0 club. The frilled lizard closely misses you.
You barely miss the kobold.
The kobold is moderately wounded.
The rat twitches its whiskers.
The rat barely misses you. The kobold closely misses you.
The frilled lizard closely misses you.
You miss the kobold.
The kobold is moderately wounded.
The rat bites you. The kobold hits you but does no damage.
The frilled lizard completely misses you.
You hit the kobold.
You kill the kobold!
The rat bites you.
The frilled lizard bites you but does no damage.
You are too injured to fight recklessly!
You are too injured to fight recklessly!
You are too injured to fight recklessly!
You are too injured to fight recklessly!
You are too injured to fight recklessly!
You are too injured to fight recklessly!
You are too injured to fight recklessly!
You are too injured to fight recklessly!
You are too injured to fight recklessly!
You are too injured to fight recklessly!
You are too injured to fight recklessly!
The quokka barely misses you. The quokka bites you.
* * * LOW HITPOINT WARNING * * *
You aren't carrying any potions.
You closely miss the quokka. The quokka barely misses you.
You closely miss the quokka. The quokka closely misses you.
You hit the quokka but do no damage. Your punch misses the quokka.
The quokka barely misses you. The quokka closely misses you.
You barely miss the quokka.
The quokka bites you but does no damage.
You hit the quokka but do no damage. The quokka closely misses you.
You barely miss the quokka. The quokka bites you.
You die...

#############)...#
#........##$....#
#........#..#...#
#..........##.......
#........### ....###
#...r..S.# ....#
##### #...lS...#
.....# #...#
####r##### .##....
#'#.# ###@# .. ....
##.#.####...#
##..#......###
##...#.............
##(...##....>..####.
##......#####.###
#.....<.....+.#
##......#####..
##....## .#.#


You could see a quokka, a ball python, a frilled lizard and a rat.

Vanquished Creatures
  An endoplasm (D:1)
  A kobold (D:1)
2 creatures vanquished.

Notes
Turn   | Place    | Note
-------+----------+-------------------------------------------
     0 | D:1      | Alarkh the Demonspawn Gladiator began the quest for the
                  | Orb.
     0 | D:1      | Reached XP level 1. HP: 16/16 MP: 1/1
   114 | D:1      | Slain by a quokka

Illustrated notes

Levels and vault maps discovered:
D:1:      mrwooster_arrival_arrow, layout_rooms, lexackson_kobold_supper

Action                   || total
-------------------------++-------
Melee: Unarmed           ||    19
Armor: Leather armour    ||     5
Dodge: Dodged            ||    14

Table legend: (Time is in decaauts)
 A = Elapsed time spent in this place.
 B = Non-inter-level travel time spent in this place.
 C = Inter-level travel time spent in this place.
 D = Time resting spent in this place.
 E = Time spent auto-exploring this place.
 F = Levels seen in this place.
 G = Mean time per level.
                   A        B        C        D        E       F      G
               +--------+--------+--------+--------+--------+-----+--------+
         Total |    112 |    112 |      0 |      0 |     80 |   1 |  112.0 |
       Dungeon |    112 |    112 |      0 |      0 |     80 |   1 |  112.0 |
               +--------+--------+--------+--------+--------+-----+--------+

Top non-repeatable levels by time:
     D:1: 112 daAuts
